AoeStats
← Mắt Mờ Tay Rung

Arabia

507502574Analyzed
1v1 RM · 13d ago on Sep 18, 2026· 52m 34s· 2 players
Game mode
Random Map
Map size
Tiny (2 player)
Population
200
Speed
Normal
Resources
Standard
Victory
Conquest
Starting age
Dark Age
Ending age
Imperial Age
RankedLock teamsTeams togetherTeam positionsShared explorationLock speedFull tech treeHidden civsTurbo modeCheats
Victory
Defeat
🇳🇱 Franks · Netherlands
726
+14
🇻🇳 Cumans · Vietnam
689
-14
Agnessor
2:43 Loom
11:02 Feudal Age
16:47 Wheelbarrow
17:17 Double-Bit Axe
22:00 Castle Age
21:56 Forging
21:53 Scale Barding Armor
23:12 Husbandry
22:33 Light Cavalry
24:02 Sanctity
23:55 Fervor
25:35 Chain Barding Armor
28:12 Hand Cart
30:16 Iron Casting
32:18 #83
35:09 Imperial Age
35:35 Scale Mail Armor
35:26 Fletching
37:11 Murder Holes
38:17 Chemistry
39:12 Cavalier
40:50 Chain Mail Armor
41:09 Elite Skirmisher
42:22 Conscription
42:57 Paladin
44:07 Elite Throwing Axeman
48:19 Hoardings
51:54 Onager
Mắt Mờ Tay Rung
11:10 Feudal Age
21:04 Castle Age
20:14 Forging
19:57 Fletching
22:31 Bloodlines
22:51 Double-Bit Axe
23:50 Ballistics
23:33 Padded Archer Armor
23:51 Gold Mining
24:34 Horse Collar
28:12 Leather Archer Armor
31:40 Bodkin Arrow
32:32 Wheelbarrow
35:05 Forging
34:56 Scale Mail Armor
35:31 Bow Saw
35:24 Heavy Plow
36:24 Steppe Husbandry
39:24 Imperial Age
37:44 Light Cavalry
39:06 Squires
38:26 Pikeman
39:24 Chain Mail Armor
39:44 Iron Casting
40:39 Parthian Tactics
40:30 Hussar
42:27 Conscription
42:56 Ring Archer Armor
43:21 Halberdier
44:13 Scale Barding Armor
45:40 Thumb Ring
49:18 Chain Barding Armor
Connection lost

Rejoining the realm…

Still unreachable

The connection could not be restored.

Session expired

The server has moved on; the page needs a fresh start.